 Dungeon Crawl Stone Soup version 0.30-a0-737-gf23d94013f (webtiles) character file.

Game seed: 13488203647348798721

20 kae the Ruffian (level 2, -2/23 HPs)
             Began as a Draconian Transmuter on Feb 1, 2023.
             Slain by an adder (3 damage)
             ... on level 2 of the Dungeon.
             The game lasted 00:00:41 (856 turns).

kae the Ruffian (Draconian Transmuter)               Turns: 856, Time: 00:00:42

Health: -2/23      AC:  4    Str: 12    XL:     2   Next: 58%
Magic:  5/5        EV: 12    Int: 13    God:
Gold:   81         SH:  0    Dex: 11    Spells: 4/5 levels left

rFire   + . .      SeeInvis .      - Unarmed
rCold   + . .      Faith    .    (no shield)
rNeg    . . .      Spirit   .    (body armour unavailable)
rPois   +          Reflect  .    (helmet currently unavailable)
rElec   +          Harm     .    (no cloak)
rCorr   +          Rampage  .    (no gloves)
Will    .....                    (boots currently unavailable)
Stlth   +                        (no amulet)
HPRegen 0.23/turn                (no ring)
MPRegen 0.09/turn                (no ring)

@: brilliant, appendages (expiring), resistant
A: horns 2, talons 2, AC +4, unfitting armour, cold-blooded
a: End Transformation


You were on level 2 of the Dungeon.
You had temporarily grown beastly horns and talons.
You visited 1 branch of the dungeon, and saw 2 of its levels.

You collected 81 gold pieces.


Innate Abilities, Weirdness & Mutations

You have temporarily grown beastly horns and talons.
Your plain brown scales are hard. (AC +4)
You cannot fit into any form of body armour.
You are cold-blooded and may be slowed by cold attacks.


   Skills:
 - Level 1.1 Fighting
 - Level 1.7 Dodging
 + Level 3.2 Unarmed Combat
 + Level 2.2 Spellcasting
 * Level 2.7 Transmutations


You had 4 spell levels left.
You knew the following spells:

 Your Spells              Type           Power      Damage    Failure   Level
a - Beastly Appendage     Tmut           24%        N/A       9%          1

Your spell library contained the following spells:

 Spells                   Type           Power      Damage    Failure   Level
 Wereblood                Tmut           12%        N/A       12%         2
 Spider Form              Tmut/Pois      7%         N/A       38%         3
 Ice Form                 Ice/Tmut       7%         N/A       80%         4

Inventory:

Missiles
 c - 8 stones
 g - 5 poisoned darts
Potions
 a - a potion of lignification {!q}
 e - a potion of resistance
 f - a potion of ambrosia
 h - a potion of heal wounds {@q2}

Dungeon Overview and Level Annotations

Branches:
Dungeon (2/15) Zot: 11146

Altars:

## # .# #. .# +..
######.### #...
#.##...#.# #...
#.###.##.#
#...#####........#
#..S@....###.####
########## #<#
..... #.#
#.#####.# #.# # #
#.# #.# ..# ###


You could see an adder.


Message History

You climb downwards.
There is a stone staircase leading up here.
Key pressed, stopping travel.
You aren't carrying any pieces of jewellery.
Unknown command.
A ball python comes into view.
The ball python hisses angrily.
A ball python is nearby!
A ball python is nearby!
A ball python is nearby!
Casting: Beastly Appendage (safe; 9% risk of failure)
Confirm with . or Enter, or press ? or * to list all spells.
You grow a pair of large bovine horns.
Your feet morph into talons.
The ball python bites you. The ball python grabs you.
The ball python constricts you. 😕 HP[-2] MP[-1]
You take 2 damage, and now have 21/23 hp.
You lost 1 mp, and now have 4/5 mp.
A ball python is nearby!
You hit the ball python.
You kill the ball python!
No target in view!
Your transformation is almost over.
Your horns disappear.
Your talons disappear.
An adder comes into view.
The adder hisses angrily. 😎 HP[+2] MP[+1]
Your hp is fully restored (23).
Your mp is fully restored (5).
An adder is nearby!
An adder is nearby!
An adder is nearby!
Casting: Beastly Appendage (safe; 9% risk of failure)
Confirm with . or Enter, or press ? or * to list all spells.
You grow a pair of large bovine horns.
Your feet morph into talons.
You closely miss the adder. Your headbutt misses the adder.
The adder closely misses you.
You hit the adder. The adder bites you.
The adder barely misses you. 😕 HP[-2] MP[-1]
You take 2 damage, and now have 21/23 hp.
You lost 1 mp, and now have 4/5 mp.
An adder is nearby!
You hit the adder but do no damage. Your headbutt misses the adder.
The adder bites you.
You miss the adder. Your headbutt misses the adder.
The adder bites you but does no damage. 😮 HP[-4]
You take 4 damage, and now have 17/23 hp.
You closely miss the adder. Your kick misses the adder. The adder bites you.
You are poisoned.
The adder poisons you!
You closely miss the adder. Your kick misses the adder.
Your transformation is almost over.
You feel sick. The adder bites you. The adder closely misses you. 😮 HP[-5]
You take 5 damage, and now have 12/23 hp.
MASSIVE DAMAGE!! (PAUSE)
You miss the adder. Your headbutt misses the adder.
The adder bites you but does no damage.
You closely miss the adder.
You feel sick. The adder bites you.
* * * LOW HITPOINT WARNING * * *
😨 HP[-3]
You take 3 damage, and now have 9/23 hp.
Unknown command.
You closely miss the adder. Your kick misses the adder.
You tail-slap the adder, but do no damage.
You feel sick. The adder bites you.
* * * LOW HITPOINT WARNING * * *
😨 HP[-2] MP[+1]
You take 2 damage, and now have 7/23 hp.
Your mp is fully restored (5).
Unknown command.
You miss the adder. Your kick misses the adder.
You feel sick. The adder bites you.
* * * LOW HITPOINT WARNING * * *
The adder bites you.
* * * LOW HITPOINT WARNING * * *
😱 HP[-3]
You take 3 damage, and now have 4/23 hp.
You miss the adder. Your kick misses the adder.
You feel sick.
You are no longer poisoned.
The adder bites you but does no damage. 😱 HP[-1]
You take 1 damage, and now have 3/23 hp.
Unknown command.
It was a potion of resistance.
You feel protected. The adder bites you.
* * * LOW HITPOINT WARNING * * *
😱 HP[-2]
You take 2 damage, and now have 1/23 hp.
Unknown command.
It was a potion of brilliance.
You feel clever all of a sudden. The adder bites you but does no damage.
Unknown command.
Okay, then.
You miss the adder. You claw the adder. Your headbutt misses the adder.
Your tail-slap misses the adder.
The adder bites you.
You die...

Action                     || total
---------------------------++-------
  Melee: Unarmed           ||    50
         Kick              ||    11
         Headbutt          ||     4
         Tailslap          ||     3
         Punch             ||     1
   Cast: Beastly Appendage ||    12
    Use: Scroll            ||     3
         Potion            ||     2
 Armour: Skin              ||    23
  Dodge: Dodged            ||    36

Levels and vault maps discovered:
D:1:      sevenhm_arrival_forest_fort_small_3, layout_basic
D:2:      layout_loops_corners, serial_co_window_serial, co_window_paths_b,
          co_window_cross_1, co_window_paths_a, co_window_paths_a,
          co_window_paths_a, co_window_2corner, co_window_broadway_a,
          co_window_2corner, co_window_2corner, co_window_broadway_b,
          co_window_4corner_a, bh_walls_and_bars, uniq_natasha

Notes
Turn   | Place    | Note
-------+----------+-------------------------------------------
     0 | D:1      | kae the Draconian Transmuter began the quest for the Orb.
     0 | D:1      | Reached XP level 1. HP: 16/16 MP: 3/3
     0 | D:1      | magus.rc [v1.11.3]
   448 | D:1      | Reached XP level 2. HP: 23/23 MP: 3/5
   852 | D:2      | HP: 5/23 [adder (2)]
   854 | D:2      | HP: 1/23 [adder (2)]
   856 | D:2      | Slain by an adder

Vanquished Creatures
  A dart slug (D:1)
  2 bats (D:1)
  2 endoplasms (D:1)
  A goblin (D:1)
  A hobgoblin (D:1)
  3 kobolds (D:1)
  3 quokkas (D:1)
  A ball python (D:2)
  A frilled lizard (D:1)
  2 rats (D:1)
17 creatures vanquished.

Table legend:
 A = Non-vault XP
 B = Vault XP
 C = Vault XP percentage of total XP
 D = Non-vault monster count
 E = Vault monster count
 F = Vault count percentage of total count
                 A         B        C        D         E       F
            +---------+---------+-------+---------+---------+-------
      Total |      29 |       0 |   0.0 |      17 |       0 |   0.0
            +---------+---------+-------+---------+---------+-------
        D:1 |      28 |       0 |   0.0 |      16 |       0 |   0.0
        D:2 |       1 |       0 |   0.0 |       1 |       0 |   0.0
            +---------+---------+-------+---------+---------+-------

Illustrated notes

Table legend:
 A = Kills in this place as a percentage of kills in entire the game.
 B = Kills by you in this place as a percentage of kills by you in the entire game.
 C = Kills by friends in this place as a percentage of kills by friends in the entire game.
 D = Other kills in this place as a percentage of other kills in the entire game.
 E = Experience gained in this place as a percentage of experience gained in the entire game.
 F = Experience gained in this place divided by the number of levels of this place that you have seen.
                   A       B       C       D       E      F
               +-------+-------+-------+-------+-------+----------------------
         Total | 100.0 | 100.0 |   N/A |   N/A | 100.0 |  14.5
       Dungeon | 100.0 | 100.0 |   N/A |   N/A | 100.0 |  14.5
               +-------+-------+-------+-------+-------+----------------------

Table legend: (Time is in decaauts)
 A = Elapsed time spent in this place.
 B = Non-inter-level travel time spent in this place.
 C = Inter-level travel time spent in this place.
 D = Time resting spent in this place.
 E = Time spent auto-exploring this place.
 F = Levels seen in this place.
 G = Mean time per level.
                   A        B        C        D        E       F      G
               +--------+--------+--------+--------+--------+-----+--------+
         Total |    852 |    809 |     43 |      0 |    683 |   2 |  426.0 |
       Dungeon |    852 |    809 |     43 |      0 |    683 |   2 |  426.0 |
               +--------+--------+--------+--------+--------+-----+--------+

Top non-repeatable levels by time:
     D:1: 811 daAuts
     D:2: 41 daAuts
